 Dungeon Crawl Stone Soup version 0.31-b1-18-g61460d1e46 (webtiles) character file.

Game seed: 1185998157633538984

1121 WalktheLine the Ruffian (level 8, -1/47 HPs)
             Began as a White Draconian Shapeshifter on Jan 16, 2024.
             Killed from afar by an orc wizard (10 damage)
             ... with a magic dart
             ... on level 4 of the Dungeon.
             The game lasted 00:12:14 (2401 turns).

WalktheLine the Ruffian (DrSh)                      Turns: 2401, Time: 00:12:15

Health: -1/47      AC:  6    Str: 18    XL:     8   Next: 12%
Magic:  11/11      EV: 21    Int: 12    God:
Gold:   140        SH:  0    Dex: 10    Spells: 11/11 levels left

rFire   . . .        g - melded +0 arbalest
rCold   + . .        (shield currently unavailable)
rNeg    . . .        (body armour unavailable)
rPois   .            (helmet restricted)
rElec   .            (no cloak)
rCorr   .            (no gloves)
SInv    .            (no boots)
Will    .....        (no amulet)
Stlth   +            e - +5 ring of evasion
HPRegen 0.27/turn    (no ring)
MPRegen 0.12/turn

%: no passive effects
@: flux-form, glowing
A: glow, contaminating, reduced hp, breathe frost, AC +6, unfitting armour, cold
resistance 1, cold-blooded
a: Breathe Frost, Begin Untransformation


You were on level 4 of the Dungeon.
You were something dangerously unstable.
You visited 1 branch of the dungeon, and saw 4 of its levels.

You collected 140 gold pieces.

Inventory:

Hand Weapons
 g - a +0 arbalest (melded)
Jewellery
 e - a +5 ring of evasion (left hand)
Talismans
 b - a beast talisman
 c - a flux talisman (active)
Wands
 i - a wand of flame (9)
Potions
 a - a potion of lignification
 d - a potion of heal wounds {unknown}
 f - a potion of berserk rage {unknown}
 h - a potion of brilliance {unknown}
 j - 2 potions of curing
 k - a potion of resistance {unknown}
 l - a potion of invisibility {unknown}


   Skills:
 * Level 3.4 Fighting
 * Level 2.5 Ranged Weapons
 + Level 0.3 Throwing
 * Level 3.5 Dodging
 * Level 2.6 Stealth
 * Level 6.0 Unarmed Combat
 * Level 2.3 Spellcasting
 * Level 0.4 Evocations
 * Level 4.4 Shapeshifting


You had 11 spell levels left.
You didn't know any spells.
Your spell library contained the following spells:

 Spells                   Type           Power      Damage    Failure   Level
 Ensorcelled Hibernation  Hex/Ice        2%         N/A       36%         2
 Fugue of the Fallen      Necr           1%         N/A       61%         3
 Anguish                  Hex/Necr       0%         N/A       95%         4
 Cause Fear               Hex            0%         N/A       95%         4
 Fireball                 Conj/Fire      0%         3d3       100%        5
 Dragon's Call            Summ           0%         N/A       100%        9


Dungeon Overview and Level Annotations

Branches:
Dungeon (4/15)
 Temple: D:4-7

Altars:
Trog

Shops:
D:4 [


Innate Abilities, Weirdness & Mutations

You are something dangerously unstable.
You glow with magical radiation, making you easy to see and hit.
Foes you strike become dangerously contaminated with magical radiation.
Your maximum health is decreased, since you lack skill for your form.
You are incapable of wielding weapons or throwing items.
You can breathe waves of freezing cold which knock back foes.
Your icy white scales are hard. (AC +6)
You cannot fit into any form of body armour.
Your flesh is cold resistant. (rC+)
You are cold-blooded and may be slowed by cold attacks.


Message History

The orc wizard misses you.
Things that are here:
a +0 flail; an orc corpse You hit the orc wizard.
The orc wizard begins to glow.
The orc wizard is heavily wounded.
The orc wizard hits you but does no damage.
You hit the orc wizard but do no damage.
The orc wizard glows dangerously bright.
You tail-slap the orc wizard.
The orc wizard is heavily wounded.
The orc wizard hits you with a +0 dagger.
You closely miss the orc wizard.
The orc wizard is heavily wounded.
The orc wizard casts a spell.
The orc wizard flickers and vanishes for a moment.
You hit the orc wizard.
The orc wizard shudders as magic cascades through it.
The orc wizard twists and deforms.
You tail-slap something.
You hear some strange, mumbled words.
Deactivating autopickup; reactivate with Ctrl-A.
You are confused.
You closely miss something. Something hits you.
You closely miss something.
You hear some strange, mumbled words.
A puff of flame appears from out of thin air!
The puff of flame hits you!
* * * LOW HITPOINT WARNING * * *
Something completely misses you.
You bump into the rock wall.
Something closely misses you.
You completely miss something.
Your tail-slap misses something.
Something hits you.
* * * LOW HITPOINT WARNING * * *
Unknown command.
You feel less confused.
A magic dart appears from out of thin air!
The magic dart hits you.
* * * LOW HITPOINT WARNING * * *
A magic dart appears from out of thin air!
The magic dart hits you!
You die...

##.<......##.......#
##.####.###.......#
#.## #.# #.....#
##..# #.#####.).#
##...###.#.)..#.##
))._.......##...#
##...########.###
##### #.##########
#.{.p.......
############


There were no monsters in sight!

Vanquished Creatures
  Pikel (D:4)
  2 black bears
  Blork the orc (D:4)
  A scorpion (D:4)
  2 bombardier beetles (D:4)
  2 hounds (D:4)
  2 orc priests (D:4)
  2 orc wizards (D:4)
  4 gnolls
  5 adders
  A white imp (D:4)
  2 dart slugs
  9 orcs
  7 endoplasms
  A giant cockroach (D:4)
  2 goblins
  4 hobgoblins
  4 jackals (D:3)
  3 quokkas
  2 ball pythons (D:2)
  3 bats
  A kobold (D:3)
  3 rats (D:3)
64 creatures vanquished.

Notes
Turn   | Place    | Note
-------+----------+-------------------------------------------
     0 | D:1      | WalktheLine the Draconian Shapeshifter began the quest for
                  | the Orb.
     0 | D:1      | Reached XP level 1. HP: 16/16 MP: 1/1
    98 | D:1      | Reached XP level 2. HP: 14/23 MP: 2/2
   166 | D:1      | You fall into a shaft and drop 1 floor!
   649 | D:2      | Reached XP level 3. HP: 28/28 MP: 3/3
  1006 | D:3      | Noticed a black bear
  1039 | D:3      | Killed a black bear
  1040 | D:3      | Reached skill level 1 in Ranged Weapons
  1040 | D:3      | Reached skill level 1 in Stealth
  1040 | D:3      | Reached skill level 4 in Unarmed Combat
  1040 | D:3      | Reached skill level 1 in Spellcasting
  1040 | D:3      | Reached XP level 4. HP: 16/36 MP: 3/5
  1040 | D:3      | Reached XP level 5. HP: 18/41 MP: 3/6
  1327 | D:4      | Noticed a black bear
  1344 | D:4      | Killed a black bear
  1352 | D:4      | Reached XP level 6. HP: 13/48 MP: 6/8
  1705 | D:4      | Found Jyuculuo's Antique Armour Shop.
  1780 | D:4      | Noticed Pikel
  1796 | D:4      | Killed Pikel
  1797 | D:4      | Reached skill level 5 in Unarmed Combat
  1797 | D:4      | Your scales start taking on an icy white colour.
  1797 | D:4      | Reached XP level 7. HP: 24/57 MP: 8/10
  1797 | D:4      | Gained mutation: Your flesh is cold resistant. (rC+) [White
                  | Draconian growth]
  2170 | D:4      | Found a bloodstained altar of Trog.
  2174 | D:4      | Noticed Blork the orc
  2199 | D:4      | Killed Blork the orc
  2211 | D:4      | Reached XP level 8. HP: 15/63 MP: 11/11
  2371 | D:4      | Reached skill level 6 in Unarmed Combat
  2401 | D:4      | Killed from afar by an orc wizard

Illustrated notes

Levels and vault maps discovered:
D:1:      ncdulo_wetmaze, layout_basic, serial_shops, nicolae_shop_crystal,
          nicolae_wormholes
D:2:      layout_basic, uniq_crazy_yiuf_cottage
D:3:      layout_basic, chequers_arboretum
D:4:      kennysheep_spiral_hall, layout_loops_ring, bloody_trog, serial_shops,
          shop, uniq_pikel, uniq_blork_the_orc, uniq_robin

Skill      XL: |  1  2  3  4  5  6  7  8 |
---------------+-------------------------+-----
Ranged Weapons | 1 2 |  2.5
Dodging        | 2 3 |  3.5
Stealth        | 1 2 |  2.6
Unarmed Combat | 4 5 6 |  6.0
Spellcasting   | 1 2 |  2.3
Fighting       | 2 3 |  3.4
Shapeshifting  | 4 |  4.4
Throwing       | |  0.3
Evocations     | |  0.4

Action                     |  1- 3 |  4- 6 |  7- 9 || total
---------------------------+-------+-------+-------++-------
  Melee: Unarmed           |    78 |    58 |    71 ||   207
         Tailslap          |     8 |     7 |    12 ||    27
   Fire: Arbalest          |     4 |     7 |    11 ||    22
  Throw: Boomerang         |     9 |       |       ||     9
Ability: Begin Untransform |     4 |     3 |     3 ||    10
         Breathe Frost     |       |       |     5 ||     5
    Use: Potion            |     3 |     1 |       ||     4
         Scroll            |     2 |     2 |     2 ||     6
   Stab: Sleeping          |     1 |       |       ||     1
 Armour: Skin              |    45 |    26 |    32 ||   103
  Dodge: Dodged            |    78 |    94 |    45 ||   217
   Form: Flux              |     2 |     3 |     2 ||     7
         Beast             |     2 |       |       ||     2
